 Dungeon Crawl Stone Soup version 0.30-a0-55-g90e3122c3a (webtiles) character file.

Game seed: 15555230689914172109

181 Newt the Trooper (level 5, -7/42 HPs)
             Began as a Demonspawn Gladiator on Sept 9, 2022.
             Was an Initiate of Uskayaw.
             Mangled by a gnoll
             ... wielding a +0 flail
              (12 damage)
             ... on level 3 of the Dungeon.
             The game lasted 00:04:22 (5020 turns).

Newt the Trooper (Demonspawn Gladiator)             Turns: 5020, Time: 00:04:23

Health: -7/42      AC:  7    Str: 16    XL:     5   Next: 34%
Magic:  2/5        EV: 13    Int: 10    God:    Uskayaw [......]
Gold:   228        SH:  0    Dex: 14    Spells: 4/4 levels left

rFire   . . .      SeeInvis .    a - +0 rapier
rCold   . . .      Faith    .    (no shield)
rNeg    . . .      Spirit   .    b - +0 leather armour
rPois   +          Reflect  .    c - +0 helmet
rElec   .          Harm     .    v - scarf {+Inv}
rCorr   .          Rampage  .    (no gloves)
Will    +....                    (no boots)
Stlth   ++........               (no amulet)
HPRegen 0.14/turn                g - ring of poison resistance
MPRegen 0.09/turn                h - ring of willpower

@: studying Evocations
A: thin metallic scales 2, foul stench 1
a: Renounce Religion, Evoke Invisibility


You were on level 3 of the Dungeon.
You worshipped Uskayaw.
Uskayaw was noncommittal.
You visited 1 branch of the dungeon, and saw 4 of its levels.

You collected 228 gold pieces.

Inventory:

Hand Weapons
 a - a +0 rapier (weapon)
Missiles
 d - 2 throwing nets (quivered)
 e - a javelin
Armour
 b - a +0 leather armour (worn)
 c - a +0 helmet (worn)
 v - a scarf of invisibility (worn)
Jewellery
 g - a ring of poison resistance (left hand)
 h - a ring of willpower (right hand)
 s - the ring "Ischa" {Drain Will+ Int+6 Slay+2}
   (You found it on level 3 of the Dungeon)

   [ring of intelligence]

   Int:       It affects your intelligence (+6).
   Slay:      It affects your accuracy & damage with ranged weapons and melee
   (+2).
   Drain:     It drains your maximum health when unequipped.
   Will:      It increases your willpower.
Scrolls
 f - a scroll of immolation {unknown}
 i - 2 scrolls of amnesia {unknown}
 k - a scroll of enchant armour {unknown}
 l - 2 scrolls of silence
 n - a scroll of noise
 p - 2 scrolls of blinking {unknown}
 u - a scroll of teleportation {unknown}
Potions
 j - a potion of lignification
 m - a potion of curing
 o - a potion of heal wounds
 q - 2 potions of might
 r - 2 potions of degeneration
 t - a potion of resistance {unknown}


   Skills:
 - Level 4.0 Fighting
 + Level 2.7 Short Blades
 - Level 1.7 Throwing
 - Level 4.0 Dodging
 - Level 2.0 Stealth


You had 4 spell levels left.
You didn't know any spells.
Your spell library was empty.

Dungeon Overview and Level Annotations

Branches:
Dungeon (4/15)
 Temple: D:4-7

Altars:
Ru
Uskayaw


Innate Abilities, Weirdness & Mutations

You are mostly covered in thin metallic scales. (AC +3)
You may rarely emit foul miasma when damaged in melee.


Message History

You kill the gnoll!
Uskayaw will force your foes to helplessly watch your dance.
Training target 4.0 for Dodging reached!
Your Dodging skill increases to level 4!
You need to enable at least one skill for training.
You start resting.
You start resting.
HP restored.
You start waiting.
Done waiting.
You start waiting.
Done waiting.
You start waiting.
Done waiting.
You see here a +0 club.
There is a stone staircase leading down here.
You climb downwards.
The gnoll shouts!
The gnoll hits you with a +0 flail. The gnoll barely misses you.
The gnoll hits you from afar with a +0 halberd!
The gnoll hits you with a +0 whip. The gnoll completely misses you.
The gnoll hits you from afar with a +0 halberd.
There is a stone staircase leading up, spattered with blood here.
The gnoll barely misses you.
The gnoll hits you from afar with a +0 halberd!
The gnoll hits you with a +0 flail.
* * * LOW HITPOINT WARNING * * *
You climb upwards.
There is a stone staircase leading down here.
Unknown command.
You stomp with the beat, sending a shockwave through the revellers around you!
The gnoll is heavily wounded. x2
You can no longer stomp with the beat.
The gnoll barely misses you. x2
Unknown command.
The gnoll hits you with a +0 whip.
* * * LOW HITPOINT WARNING * * *
The gnoll attacks as you move away! The gnoll closely misses you.
The gnoll attacks as you move away! The gnoll hits you with a +0 flail!
You die...

#.........####.#.##.###
#.........#......##.#..
#.........#.####.##.#.#
#...........#.....#.#.#
#.....#)#.###.....#....
#.....#.....#.....#####
#.....##..#.#.....#####
#######..##.#..........
#..@g...............
#.##g..........#####
#..#.........### #
###'##........# #
#.........)...#######
#.....#####..........
#.....# #[###......
#.....#####.###......
#........##..........


You could see 2 gnolls.

Vanquished Creatures
  A hound (D:3)
  An orc wizard (D:3)
  A gnoll (D:3)
  5 adders
  2 worms
  3 orcs (D:3)
  A ball python (D:3)
  4 endoplasms
  6 giant cockroaches
  6 goblins
  5 hobgoblins
  3 jackals (D:1)
  9 bats
  3 frilled lizards
  6 kobolds
  6 rats
62 creatures vanquished.

Notes
Turn   | Place    | Note
-------+----------+-------------------------------------------
     0 | D:1      | Newt the Demonspawn Gladiator began the quest for the Orb.
     0 | D:1      | Reached XP level 1. HP: 16/16 MP: 1/1
    96 | D:1      | Reached skill level 1 in Stealth
   153 | D:1      | Gained mutation: You may rarely emit foul miasma when
                  | damaged in melee. [demonic ancestry]
   153 | D:1      | Reached XP level 2. HP: 17/22 MP: 2/2
   936 | D:2      | Reached XP level 3. HP: 17/28 MP: 3/3
  1085 | D:2      | Found a hide-covered altar of Uskayaw.
  1201 | D:2      | Became a worshipper of Uskayaw the Reveller
  1289 | D:2      | Reached * piety under Uskayaw
  1317 | D:2      | You fall into a shaft and drop 2 floors!
  1337 | D:4      | Noticed a scorpion
  1460 | D:2      | Reached ** piety under Uskayaw
  1969 | D:2      | Found a faded altar of an unknown god.
  2124 | D:2      | Gained mutation: You are partially covered in thin metallic
                  | scales. (AC +2) [demonic ancestry]
  2124 | D:2      | Reached XP level 4. HP: 23/37 MP: 4/4
  2992 | D:3      | Reached *** piety under Uskayaw
  3439 | D:3      | Identified a scroll of acquirement
  3440 | D:3      | Acquired a manual of Evocations
  4183 | D:3      | Gained mutation: You are mostly covered in thin metallic
                  | scales. (AC +3) [demonic ancestry]
  4183 | D:3      | Reached XP level 5. HP: 41/41 MP: 5/5
  4291 | D:3      | Identified the ring "Ischa" {Drain Will+ Int+6 Slay+2}
  4395 | D:3      | Found a sacrificial altar of Ru.
  5020 | D:3      | Mangled by a gnoll

Illustrated notes

Levels and vault maps discovered:
D:1:      roderic_octagonal_star, layout_rooms
D:2:      layout_basic, basic_ecumenical_altar, basic_altar, minmay_pentomino_q4
D:3:      layout_basic, gammafunk_temple_overflow_elements, grunt_ministairs_6
D:4:      layout_cave_pods, okawaru_altar_gauntlet_db, uniq_natasha,
          uniq_grinder, uniq_duvessa, uniq_pikel

Skill      XL: |  1  2  3  4  5 |
---------------+----------------+-----
Stealth        | 1 2 |  2.0
Fighting       | 3 4 |  4.0
Dodging        | 3 4 |  4.0
Short Blades   | |  2.7
Throwing       | |  1.7

Action                   |  1- 3 |  4- 6 || total
-------------------------+-------+-------++-------
Melee: Rapier            |   171 |   166 ||   337
Throw: Javelin           |     1 |       ||     1
       Throwing net      |       |     3 ||     3
Invok: Stomp             |       |     1 ||     1
  Use: Potion            |     1 |     1 ||     2
       Scroll            |       |     8 ||     8
 Stab: Sleeping          |     2 |     5 ||     7
       Held in net/web   |       |     1 ||     1
Armor: Leather armour    |    48 |    59 ||   107
Dodge: Dodged            |   129 |   108 ||   237

Table legend: (Time is in decaauts)
 A = Elapsed time spent in this place.
 B = Non-inter-level travel time spent in this place.
 C = Inter-level travel time spent in this place.
 D = Time resting spent in this place.
 E = Time spent auto-exploring this place.
 F = Levels seen in this place.
 G = Mean time per level.
                   A        B        C        D        E       F      G
               +--------+--------+--------+--------+--------+-----+--------+
         Total |   5043 |   4976 |     67 |   2139 |   2162 |   4 | 1260.8 |
       Dungeon |   5043 |   4976 |     67 |   2139 |   2162 |   4 | 1260.8 |
               +--------+--------+--------+--------+--------+-----+--------+

Top non-repeatable levels by time:
     D:3: 2156 daAuts
     D:2: 1952 daAuts
     D:1: 903 daAuts
     D:4: 31 daAuts
